 Dungeon Crawl Stone Soup version 0.20-b1-24-gb21faa7 (webtiles) character file.

111 miragecloak the Changer (level 4, -7/28 HPs)
             Began as an Octopode Transmuter on May 25, 2017.
             Killed by divine providence
             ... invoked by an orc priest
              (13 damage)
             ... on level 3 of the Dungeon.
             The game lasted 00:02:56 (2076 turns).

miragecloak the Changer (Octopode Transmuter)       Turns: 2076, Time: 00:02:58

Health: -7/28      AC:  2    Str:  9    XL:     4   Next: 92%
Magic:  4/7        EV: 20    Int: 15    God:
Gold:   117        SH:  0    Dex: 18    Spells: 3/7 levels left

rFire    . . .     SeeInvis .     - Unarmed
rCold    . . .     Gourm    .   (shield currently unavailable)
rNeg     . . .     Faith    .   (helmet currently unavailable)
rPois    x         Spirit   .   (no amulet)
rElec    .         Reflect  .   (no ring)
rCorr    .         Harm     .   (no ring)
MR       .....                  (no ring)
Stlth    ++........             (no ring)
Regen    0.1/turn               (no ring)
MPRegen  0.1/turn               (no ring)
                                (no ring)
                                (no ring)

@: spider-form
A: almost no armour, stealthy swim, (amphibious), 8 rings, (constrict 8)
a: End Transformation


You were on level 3 of the Dungeon.
You were hungry.
You were a venomous arachnid creature.
You visited 1 branch of the dungeon, and saw 4 of its levels.

You collected 117 gold pieces.

Inventory:

Missiles
 a - 38 arrows
Armour
 e - a +0 buckler
Jewellery
 i - an uncursed amulet of regeneration {unknown}
Scrolls
 g - a scroll of remove curse {unknown}
 h - 2 scrolls of identify {unknown}
 j - a scroll of enchant weapon {unknown}
 k - a scroll of noise {unknown}
 l - a scroll of blinking {unknown}
 m - a scroll of teleportation {unknown}
 o - a scroll of magic mapping {unknown}
Potions
 d - a potion of heal wounds {unknown}
 f - a potion of flight {unknown}
 p - 2 potions of curing {unknown}
Books
 b - a book of Changes

   Spells                             Type                      Level
   a - Beastly Appendage              Transmutation                1
   b - Sticks to Snakes               Transmutation                2
   c - Spider Form                    Transmutation/Poison         3
   d - Ice Form                       Ice/Transmutation            4
   e - Blade Hands                    Transmutation                5
Comestibles
 c - a bread ration
 n - a royal jelly


   Skills:
 - Level 1.0 Fighting
 - Level 2.0 Dodging
 - Level 3.0 Unarmed Combat
 - Level 2.0 Spellcasting
 - Level 4.5 Transmutations
 + Level 2.0 Poison Magic


You had 3 spell levels left.
You knew the following spells:

 Your Spells              Type           Power        Failure   Level  Hunger
a - Beastly Appendage     Tmut           ###...       12%         1    #......
b - Spider Form           Tmut/Pois      ##........   36%         3    ###....


Dungeon Overview and Level Annotations

Branches:
Dungeon (4/15)
 Temple: D:4-7

Altars:

Annotations:
D:4 FakerFangirl's ghost, amateur DrFi


Innate Abilities, Weirdness & Mutations

You cannot wear most types of armour.
You are very stealthy in the water. (Stealth+)
((You are amphibious.))
You can wear up to eight rings at the same time.
((You can use your tentacles to constrict eight enemies at once.))
((Your skin changes colour to match your surroundings (Stealth+).))
((Your rubbery body absorbs attacks. (AC +1, EV +1)))


Message History

There is a stone staircase leading up here.
You climb upwards.
The orc priest shouts!
The orc wizard hits you but does no damage.
There is a stone staircase leading down here.
Casting: Spider Form
Confirm with . or Enter, or press ? or * to list all spells.
You turn into a venomous arachnid creature.
You are feeling hungry.
The orc priest hits you with a club.
The orc wizard gestures at you while chanting.
The magic dart hits you!
* * * LOW HITPOINT WARNING * * *
You hit the orc priest.
The orc priest is poisoned.
The orc priest is moderately wounded.
The adder bites you but does no damage. The orc wizard hits you with a dagger.
* * * LOW HITPOINT WARNING * * *
The orc priest invokes the aid of Beogh against you.
Beogh smites you!
You die...

#.......(.# #$........###
##.......... . ..
#..>......# .#.# #..w......#
...# #. #.........# #..# #.
# ####.........# #..####. .
.......S.....# #.......
###.###....so...#####..####.
....######..o...............
..............########.####.
#...######.......##.# #
#.....########....#####
#.###.........##..{..{o
#...######....###.#...#
#####..................###
..........####....###.###


You could see a worm, an orc priest, an orc wizard and an adder.

Vanquished Creatures
  Terence (D:3)
  4 adders
  A worm (D:2)
  2 dart slugs
  A leopard gecko (D:3)
  2 orcs
  5 goblins
  6 hobgoblins
  3 jackals (D:2)
  6 kobolds
  4 ball pythons
  A bat (D:1)
  A frilled lizard (D:2)
  4 rats
41 creatures vanquished.

Notes
Turn   | Place    | Note
-------+----------+-------------------------------------------
     0 | D:1      | miragecloak the Octopode Transmuter began the quest for the Orb.
     0 | D:1      | Reached XP level 1. HP: 13/13 MP: 3/3
   513 | D:1      | Reached XP level 2. HP: 18/18 MP: 3/5
   709 | D:1      | Reached skill level 3 in Transmutations
   783 | D:2      | Reached XP level 3. HP: 15/23 MP: 4/6
   977 | D:2      | Found a faded altar of an unknown god.
  1173 | D:2      | Reached skill level 4 in Transmutations
  1428 | D:2      | Reached XP level 4. HP: 24/28 MP: 7/7
  1850 | D:3      | Noticed Terence
  1872 | D:2      | Learned a level 3 spell: Spider Form
  1879 | D:3      | Killed Terence
  1879 | D:3      | Reached skill level 1 in Poison Magic
  2020 | D:4      | Noticed FakerFangirl's ghost (amateur DrFi)
  2076 | D:3      | Killed from afar by an orc priest

Skill      XL: |  1  2  3  4 |
---------------+-------------+-----
Transmutations | 3 4 |  4.5
Poison Magic   | 2 |  2.0
Fighting       | |  1.0
Dodging        | |  2.0
Unarmed Combat | |  3.0
Spellcasting   | |  2.0

Action                   |  1- 3 |  4- 6 || total
-------------------------+-------+-------++-------
Melee: Unarmed           |    68 |    30 ||    98
       Kick              |    24 |     5 ||    29
       Constrict         |    25 |     6 ||    31
       Tentacles         |    17 |     2 ||    19
       Punch             |     1 |       ||     1
 Cast: Beastly Appendage |    26 |     6 ||    32
       Spider Form       |       |     3 ||     3
 Stab: Sleeping          |     7 |       ||     7
  Eat: Chunk             |     2 |     2 ||     4
Armor: Skin              |     5 |     4 ||     9
Dodge: Dodged            |    36 |    24 ||    60
